 Seeded DCSS version 0.28.0-53-g5a82cb258f (webtiles) character file.

Game seed: 10231752843628650358 (custom seed)

585 Kranky the Sneak (level 7, -20/46 HPs)
             Began as an Octopode Fighter on June 20, 2022.
             Killed from afar by an acid dragon (30 damage)
             ... with a splash of acid
             ... on level 5 of the Dungeon.
             The game lasted 00:07:11 (3936 turns).

Kranky the Sneak (Octopode Fighter)                 Turns: 3936, Time: 00:07:11

Health: -20/46     AC:  1    Str: 15    XL:     7   Next: 37%
Magic:  7/7        EV: 18    Int: 11    God:
Gold:   124        SH:  8    Dex: 13    Spells: 6/6 levels left

rFire   . . .      SeeInvis .   j - +2 hand axe (freeze)
rCold   . . .      Faith    .   o - +3 warlock's mirror {reflect}
rNeg    . . .      Spirit   .   (helmet restricted)
rPois   .          Reflect  +   (no amulet)
rElec   .          Harm     .   e - +4 ring of evasion
rCorr   .          Rampage  .   (no ring)
Will    .....                   (no ring)
Stlth   ++++......              (no ring)
HPRegen 0.15/turn               (no ring)
MPRegen 0.10/turn               (no ring)
                                (no ring)
                                (no ring)

@: no status effects
A: almost no armour, amphibious, 8 rings, camouflage 1, gelatinous body 1,
(nimble swimmer 1), tentacles
a: no special abilities


You were on level 5 of the Dungeon.
You visited 1 branch of the dungeon, and saw 5 of its levels.

You collected 217 gold pieces.
You spent 93 gold pieces at shops.

Inventory:

Hand Weapons
 g - the +4 spear of Xithrir {chaos, *Noise rElec Str+4 Dex+2 Stlth+}
   (You found it on level 5 of the Dungeon)

   Each time it hits an enemy it has a different, random effect.
   Str:       It affects your strength (+4).
   Dex:       It affects your dexterity (+2).
   rElec:     It insulates you from electricity.
   *Noise:    It may make noises in combat.
   Stlth:     It makes you more stealthy.
 j - a +2 hand axe of freezing (weapon)
Armour
 o - the +3 warlock's mirror (worn) {reflect}
   (You took it off a gnoll on level 3 of the Dungeon)

   It can block and reflect piercing ranged attacks and magical attacks against
   the wielder's willpower.
Jewellery
 e - a +4 ring of evasion (left tentacle)
 k - a ring of ice
Scrolls
 m - a scroll of teleportation
Potions
 a - a potion of haste
 b - 2 potions of cancellation
 c - a potion of might
 d - 7 potions of curing
 f - 4 potions of flight
 h - a potion of invisibility
 i - a potion of heal wounds
 n - a potion of ambrosia {unknown}


   Skills:
 + Level 3.6 Fighting
 + Level 3.5(4.4) Axes
 + Level 3.9(4.6) Maces & Flails
 + Level 4.2 Dodging
 + Level 4.6 Stealth
 + Level 3.9 Shields


You had 6 spell levels left.
You didn't know any spells.
Your spell library contained the following spells:

 Spells                   Type           Power      Damage    Failure   Level
 Scorch                   Fire           0%         2d5       56%         2
 Flame Wave               Conj/Fire      0%         2d4       99%         4
 Summon Cactus Giant      Summ           0%         N/A       100%        6


Dungeon Overview and Level Annotations

Branches:
Dungeon (5/15)
 Temple: D:4-7

Altars:
Cheibriados
Elyvilon

Shops:
D:2 !   D:4 !


Innate Abilities, Weirdness & Mutations

You cannot wear most types of armour.
You are amphibious.
You can wear up to eight rings at the same time.
Your skin changes colour to match your surroundings (Stealth+).
Your rubbery body absorbs attacks. (AC +1, EV +1)
((You are camouflaged when in or above water. (Stealth+)))
You have tentacles for arms and can constrict up to eight enemies at once.


Message History

The necrophage hits you.
You open the door. You block the necrophage's attack.
The acid dragon spits acid at you. The splash of acid misses you.
You hear a shout! x3
There is an open door here.
You barely miss the necrophage. You grab the necrophage.
You constrict the necrophage. You block the necrophage's attack.
You hit the necrophage but do no damage.
You squeeze the necrophage.
The necrophage is moderately damaged.
You constrict the necrophage. The necrophage misses you.
You hit the necrophage. You freeze the necrophage. You squeeze the necrophage!
The necrophage is severely damaged.
You constrict the necrophage. The necrophage hits you.
The necrophage hits you but does no damage.
You hit the necrophage. You freeze the necrophage.
You destroy the necrophage!
The acid dragon bites you! The acid dragon closely misses you.
You completely miss the acid dragon. You block the acid dragon's attack.
The acid dragon barely misses you.
You closely miss the acid dragon.
You squeeze the acid dragon, but do no damage.
The acid dragon bites you! You block the acid dragon's attack.
You hit the acid dragon but do no damage.
The acid dragon bites you!
* * * LOW HITPOINT WARNING * * *
You block the acid dragon's attack.
You hit the acid dragon. You freeze the acid dragon.
The acid dragon is lightly wounded.
You block the acid dragon's attack. The acid dragon completely misses you.
You closely miss the acid dragon. Your squeeze misses the acid dragon.
The acid dragon is lightly wounded.
The acid dragon closely misses you. x2
You barely miss the acid dragon.
The acid dragon is lightly wounded.
The acid dragon spits acid at you. The splash of acid hits you!!
Ouch! That really hurt!
You die...

#.. .. #.## ##...##
##.....##.
####..>#.....
##...Zo.......
#....#D#.....
#....#@# ....
###..###.# ...
#....# ... ....
##....###.###....
##.......#.#......
##........###......
##...............#
#.........##....##
#...............#


You could see an acid dragon (catching breath), an orc and a water moccasin
skeleton.

Vanquished Creatures
  A necrophage (D:5)
  A bullfrog (D:3)
  A gnoll sergeant (D:2)
  Crazy Yiuf (D:2)
  2 hounds (D:4)
  Terence (D:2)
  5 gnolls
  8 adders
  An ufetubus (D:4)
  3 worms
  5 dart slugs
  10 orcs (D:3)
  14 ball pythons
  3 bats
  10 endoplasms
  2 giant cockroaches (D:1)
  9 hobgoblins
  10 jackals
  2 quokkas
  7 frilled lizards
  3 goblins
  8 kobolds
  3 rats
110 creatures vanquished.

Vanquished Creatures (others)
  2 demonic plants (D:2)
2 creatures vanquished.

Grand Total: 112 creatures vanquished

Notes
Turn   | Place    | Note
-------+----------+-------------------------------------------
     0 | D:1      | Kranky the Octopode Fighter began the quest for the Orb.
     0 | D:1      | Reached XP level 1. HP: 16/16 MP: 1/1
   164 | D:1      | Reached XP level 2. HP: 21/21 MP: 2/2
   714 | D:1      | Reached XP level 3. HP: 26/26 MP: 3/3
   985 | D:2      | Reached skill level 1 in Stealth
  1334 | D:2      | Reached XP level 4. HP: 31/31 MP: 4/4
  1454 | D:2      | Found a white marble altar of Elyvilon.
  1587 | D:2      | Found Fyegoneg's Distillery.
  1595 | D:2      | Bought a potion of heal wounds for 60 gold pieces
  1601 | D:2      | Noticed Terence
  1611 | D:2      | Killed Terence
  1806 | D:2      | Found a faded altar of an unknown god.
  1806 | D:2      | Noticed a Tzitzimitl
  1874 | D:2      | Reached XP level 5. HP: 31/36 MP: 5/5
  1964 | D:2      | Found a runed translucent door.
  1965 | D:2      | Noticed Crazy Yiuf
  2109 | D:2      | Killed Crazy Yiuf
  2283 | D:3      | Reached skill level 1 in Axes
  2283 | D:3      | Reached XP level 6. HP: 32/42 MP: 6/6
  3488 | D:4      | Found a snail-covered altar of Cheibriados.
  3488 | D:4      | Noticed a torpor snail
  3491 | D:4      | Noticed a water moccasin
  3715 | D:4      | Reached XP level 7. HP: 46/46 MP: 7/7
  3760 | D:4      | Found Icek's Distillery.
  3782 | D:4      | Bought a potion of curing for 33 gold pieces
  3872 | D:5      | Entered Level 5 of the Dungeon
  3910 | D:5      | Identified the +4 spear of Xithrir {chaos, *Noise rElec
                  | Str+4 Dex+2 Stlth+}
  3936 | D:5      | Killed from afar by an acid dragon

Illustrated notes

Levels and vault maps discovered:
D:1:      tarquinn_simple_flora_water_c, layout_basic
D:2:      layout_rooms, serial_shops, nicolae_shop_crystal,
          dreamdust_ecumenical_altar_sealed_demon, basic_altar,
          chequers_mini_garden, uniq_terence, uniq_crazy_yiuf_cottage
D:3:      kennysheep_big_flooded_room, layout_basic, kennysheep_minor_cross,
          minmay_fractal_squares_5
D:4:      layout_layer_cave, cheibriados_altar_2, serial_shops,
          nicolae_stop_n_shop_1
D:5:      layout_cave_pods, nicolae_ossuary_entry_plus, minmay_mini_ossuary

Skill      XL: |  1  2  3  4  5  6 |
---------------+-------------------+-----
Stealth        | 1 2 3 4 |  4.6
Maces & Flails | 3 |  3.9
Axes           | 1 3 |  3.5
Dodging        | 4 |  4.2
Fighting       | |  3.6
Shields        | |  3.9

Action                   |  1- 3 |  4- 6 |  7- 9 || total
-------------------------+-------+-------+-------++-------
Melee: Flail             |    76 |    20 |       ||    96
       Constrict         |    20 |    35 |     6 ||    61
       Tentacles         |    16 |    24 |     5 ||    45
       Hand axe          |       |    90 |    26 ||   116
       Punch             |       |     3 |       ||     3
  Use: Scroll            |       |       |     5 ||     5
       Potion            |       |       |     1 ||     1
 Stab: Sleeping          |     9 |    12 |       ||    21
Armor: Skin              |     8 |       |     3 ||    11
Dodge: Dodged            |    84 |    61 |    30 ||   175
Block: Buckler           |    22 |    28 |    14 ||    64
